 Dungeon Crawl Stone Soup version 0.31.0-11-ge490571c62 (webtiles) character file.

Game seed: 1398056843663955836

94 qw the Shooter (level 4, -4/22 HPs)
             Began as a Spriggan Hunter on Feb 4, 2024.
             Slain by a gnoll
             ... wielding a +0 club
              (8 damage)
             ... on level 3 of the Dungeon.
             The game lasted 00:00:04 (1348 turns).

qw the Shooter (Spriggan Hunter)                    Turns: 1348, Time: 00:00:05

Health: -4/22      AC:  2    Str:  7    XL:     4   Next: 38%
Magic:  5/5        EV: 20    Int: 10    God:
Gold:   102        SH:  0    Dex: 20    Spells: 3/3 levels left

rFire   . . .        a - +0 shortbow
rCold   . . .        (shield currently unavailable)
rNeg    . . .        c - +0 robe
rPois   .            (helmet restricted)
rElec   .            (no cloak)
rCorr   .            (gloves unavailable)
SInv    +            (boots unavailable)
Will    .....        (no amulet)
Stlth   ++           (no ring)
HPRegen 0.23/turn    (no ring)
MPRegen 0.09/turn

%: no passive effects
@: lethally poisoned (-4 -> -5), very quick
A: very small, no large weapons, unfitting armour, see invisible, speed 3
a: no special abilities


You were on level 3 of the Dungeon.
You visited 1 branch of the dungeon, and saw 3 of its levels.

You collected 102 gold pieces.


Innate Abilities, Weirdness & Mutations

You are very small and have problems with some larger weapons.
You are too small for most types of armour.
You have supernaturally acute eyesight. (SInv)
You cover ground extremely quickly. (Speed+++)


   Skills:
 - Level 1.5 Fighting
 - Level 5.0 Ranged Weapons
 + Level 4.9 Dodging
 - Level 1.5 Stealth


You had 3 spell levels left.
You didn't know any spells.
Your spell library was empty.

Inventory:

Hand Weapons
 a - a +0 shortbow (weapon)
Armour
 c - a +0 robe (worn)
Scrolls
 b - a scroll of amnesia {unknown}
Potions
 d - a potion of degeneration {unknown}
 g - 2 potions of enlightenment
 h - a potion of magic {unknown}

Dungeon Overview and Level Annotations

Branches:
Dungeon (3/15)

Altars:


Message History

You shoot an arrow. The arrow barely misses the adder.
The arrow hits the orc.
The orc is almost dead.
You feel sick. The adder bites you. The adder barely misses you.
You shoot an arrow. The arrow barely misses the adder.
The arrow barely misses the orc.
The arrow barely misses the gnoll.
You feel sick.
You are no longer poisoned.
The adder barely misses you.
You shoot an arrow. The arrow closely misses the adder.
The arrow completely misses the orc.
The arrow hits the gnoll!
The gnoll is severely wounded.
The adder bites you.
You are poisoned.
The adder poisons you!
You shoot an arrow. The arrow barely misses the adder.
The arrow hits the orc!
You kill the orc!
You feel sick. The adder completely misses you. The adder barely misses you.
You shoot an arrow. The arrow closely misses the adder.
The arrow hits the gnoll.
The gnoll is almost dead.
You feel sick.
A goblin comes into view. It is wielding a +0 dagger.
The adder misses you.
You shoot an arrow. The arrow barely misses the adder.
The arrow closely misses the gnoll.
The arrow hits the goblin.
You kill the goblin!
You feel sick. The adder bites you.
You are more poisoned.
The adder poisons you! The adder misses you.
You shoot an arrow. The arrow hits the adder.
You kill the adder!
You hear the slow rusting of a very distant drain.
You feel sick.
You shoot an arrow. The arrow barely misses the gnoll.
The arrow hits the gnoll.
You kill the gnoll!
You feel sick. The gnoll closely misses you.
You shoot an arrow. The arrow hits the gnoll!
The gnoll is almost dead.
You feel sick. The gnoll hits you with a +0 club!
You die...

.....#
....(.#
...PP..##
....PP..#
P.8..P..#
.......)#
.P.P..g)#
#g# #@#
#.# #.#
#.# #.#
#.# #.#
#.# #.#


You could see 2 gnolls.

Vanquished Creatures
  A gnoll (D:3)
  4 adders
  A ribbon worm (D:2)
  A dart slug (D:3)
  An orc (D:3)
  5 ball pythons
  6 bats
  6 endoplasms
  4 goblins
  A hobgoblin (D:2)
  2 jackals (D:1)
  A quokka (D:2)
  2 frilled lizards
  3 kobolds
  4 rats
42 creatures vanquished.

Notes
Turn   | Place    | Note
-------+----------+-------------------------------------------
     0 | D:1      | qw the Spriggan Hunter began the quest for the Orb.
     0 | D:1      | Reached XP level 1. HP: 10/10 MP: 2/2
     0 | D:1      | 0 ||| qw: Version: 0.3-a-160-g6735b56
     0 | D:1      | 0 ||| qw: Game counter: 5176
     0 | D:1      | 0 ||| qw: Melee chars always use a shield: true
     0 | D:1      | 0 ||| qw: God list: Okawaru
     0 | D:1      | 0 ||| qw: Allow faded altars: false
     0 | D:1      | 0 ||| qw: Do Orc after clearing Dungeon:15 true
     0 | D:1      | 0 ||| qw: Do second Lair branch before Depths: true
     0 | D:1      | 0 ||| qw: Lair rune preference: random
     0 | D:1      | 0 ||| qw: Goals: Normal
     0 | D:1      | 0 ||| PLANNING D:1-11
    42 | D:1      | Reached skill level 3 in Dodging
   148 | D:1      | Reached XP level 2. HP: 14/14 MP: 3/3
   263 | D:1      | Found a faded altar of an unknown god.
   382 | D:1      | 382 ||| READING scroll labelled MAAJIH OGYWKIPH.
   382 | D:1      | 382 ||| IDENTIFYING 2 glowing inky potions
   383 | D:1      | 383 ||| READING scroll labelled SEPROB JIVETA.
   387 | D:1      | 387 ||| READING scroll labelled UMOSAS EDYQI.
   388 | D:1      | 388 ||| READING scroll labelled NOVUVA VEPS.
   389 | D:1      | 389 ||| READING scroll labelled WILU ERGHOUM MOOZO.
   416 | D:1      | 416 ||| DROPPING scroll of butterflies.
   543 | D:2      | Reached XP level 3. HP: 15/18 MP: 4/4
   688 | D:2      | Reached skill level 5 in Ranged Weapons
  1209 | D:2      | Reached XP level 4. HP: 22/22 MP: 5/5
  1274 | D:2      | 1274 ||| READING scroll labelled BUONWI ELOTT.
  1274 | D:2      | 1274 ||| ENCHANTING +0 shortbow.
  1275 | D:2      | 1275 ||| READING scroll labelled ZOGHEG OLEMUUNN.
  1276 | D:2      | 1276 ||| READING scroll labelled ITUERE URAURO.
  1285 | D:3      | 1285 ||| PLANNING SEWER
  1339 | D:3      | 1339 ||| RETREEEEATING.
  1347 | D:3      | HP: 5/22 [poisoned by an adder]
  1348 | D:3      | Slain by a gnoll

Levels and vault maps discovered:
D:1:      dpeg_arrival_simpleton_c, layout_rooms,
          dreamdust_ecumenical_altar_angels_and_demons
D:2:      minmay_chambers_of_ones, layout_loops_cross
D:3:      layout_loops_ring, grunt_gozag_statues, portal_sewer_entry_d,
          dreamdust_mushroom_princess

Skill      XL: |  1  2  3 |
---------------+----------+-----
Dodging        | 3 4 |  4.9
Ranged Weapons | 5 |  5.0
Fighting       | |  1.5
Stealth        | |  1.5

Action                     |  1- 3 |  4- 6 || total
---------------------------+-------+-------++-------
   Fire: Shortbow          |    98 |    19 ||   117
    Use: Scroll            |     5 |     3 ||     8
 Armour: Robe              |    12 |     6 ||    18
  Dodge: Dodged            |    27 |    19 ||    46

Table legend:
 A = Non-vault XP
 B = Vault XP
 C = Vault XP percentage of total XP
 D = Non-vault monster count
 E = Vault monster count
 F = Vault count percentage of total count
                 A         B        C        D         E       F
            +---------+---------+-------+---------+---------+-------
      Total |     124 |      11 |   8.1 |      37 |       5 |  11.9
            +---------+---------+-------+---------+---------+-------
        D:1 |      29 |       0 |   0.0 |      17 |       0 |   0.0
        D:2 |      58 |      11 |  15.9 |      14 |       5 |  26.3
        D:3 |      37 |       0 |   0.0 |       6 |       0 |   0.0
            +---------+---------+-------+---------+---------+-------
